 Seeded DCSS version 0.31-a0-234-gad7ace1 (webtiles) character file.

Game seed: 5439828349659289197 (custom seed)

749 edsrzf the Trooper (level 7, 0/79 HPs)
             Began as an Ogre Wanderer on July 9, 2023.
             Was a Plaything of Xom.
             Slain by Menkaure (22 damage)
             ... on level 5 of the Dungeon.
             The game lasted 00:07:20 (4378 turns).

edsrzf the Trooper (Ogre Wanderer)                  Turns: 4378, Time: 00:07:23

Health: 0/79       AC:  4    Str: 19    XL:     7   Next: 78%
Magic:  12/12      EV:  9    Int: 14    God:    Xom [..*...]
Gold:   281        SH:  0    Dex:  7    Spells: 12/13 levels left

rFire   . . .        a - +1 war axe
rCold   + . .        (no shield)
rNeg    . . .        d - +0 robe
rPois   .            (helmet restricted)
rElec   .            b - +0 cloak
rCorr   .            (gloves unavailable)
SInv    .            (boots unavailable)
Will    .....        (no amulet) Stlth
                     (no ring)
HPRegen 0.33/turn    (no ring)
MPRegen 0.13/turn

%: no passive effects
@: silenced
A: large, unfitting armour, tough skin 1, cold resistance 1
a: Renounce Religion


You were on level 5 of the Dungeon.
You worshipped Xom.
You were a toy of Xom.
You visited 1 branch of the dungeon, and saw 5 of its levels.

You collected 281 gold pieces.

Inventory:

Hand Weapons
 a - a +1 war axe (weapon)
Missiles
 g - 11 poisoned darts
Armour
 b - a +0 cloak (worn)
 d - a +0 robe (worn)
Wands
 m - a wand of mindburst (10)
Scrolls
 c - 2 scrolls of fog
 e - a scroll of identify {@r1}
 f - 2 scrolls of silence {!r}
 j - a scroll of enchant armour {unknown}
Potions
 h - a potion of attraction


   Skills:
 + Level 7.8 Fighting
 + Level 6.6 Axes
 - Level 1.0 Throwing
 - Level 1.0 Dodging
 - Level 1.0 Stealth
 - Level 3.6 Spellcasting


You had 12 spell levels left.
You knew the following spells:

 Your Spells              Type           Power      Damage    Failure   Level
X - Magic Dart            Conj           8%         1d3       21%         1

Your spell library contained the following spells:

 Spells                   Type           Power      Damage    Failure   Level
 Call Canine Familiar     Summ           2%         N/A       52%         3
 Gell's Gravitas          Tloc           2%         N/A       52%         3
 Portal Projectile        Hex/Tloc       4%         N/A       52%         3
 Stone Arrow              Conj/Erth      4%         3d7       52%         3
 Teleport Other           Tloc           2%         N/A       52%         3
 Leda's Liquefaction      Hex/Erth       1%         N/A       90%         4
 Dispersal                Tloc           1%         N/A       100%        6


Dungeon Overview and Level Annotations

Branches:
Dungeon (5/15)
 Temple: D:4-7

Altars:
Hepliaklqana
Kikubaaqudgha
Xom
The Shining One

Shops:
D:5 *(

Annotations:
D:5 Menkaure


Innate Abilities, Weirdness & Mutations

You are too large for most types of armour.
You have tough skin. (AC +1)
Your flesh is cold resistant. (rC+)


Message History

You feel sick.
Your quasit barely misses the killer bee.
Your quasit closely misses the killer bee. x2
The killer bee stings you!
* * * LOW HITPOINT WARNING * * *
You are more poisoned.
The killer bee poisons you!
You feel better.
Your quasit seems less confused.
The killer bee barely misses you.
Your quasit bites the killer bee but does no damage.
Your quasit misses the killer bee.
Your quasit barely misses the killer bee.
The killer bee stings you.
Unknown command.
Okay, then.
Okay, then.
Okay, then.
Okay, then.
As you read the scroll of teleportation {@r3}, it crumbles to dust.
You feel strangely unstable. The killer bee stings you.
* * * LOW HITPOINT WARNING * * *
You are poisoned.
The killer bee poisons you! The killer bee misses your quasit.
Your quasit barely misses the killer bee.
Your quasit closely misses the killer bee. x2
The killer bee stings you.
* * * LOW HITPOINT WARNING * * *
Okay, then.
Aiming: Mindburst
Press: ? - help, Shift-Dir - straight line, f - killer bee
Aim: a killer bee (chance to affect: 72%)
The killer bee's mind is blasted!
You feel sick.
The killer bee stings you but does no damage.
Your quasit bites the killer bee.
Your quasit claws the killer bee but does no damage.
Your quasit claws the killer bee.
The killer bee stings you.
* * * LOW HITPOINT WARNING * * *
You are more poisoned.
The killer bee poisons you!
The killer bee stings itself!
The killer bee is killed!
You feel better. The killer bee closely misses you.
The killer bee stings you but does no damage.
Your quasit bites the ogre.
Your quasit closely misses the ogre.
Your quasit claws the ogre but does no damage.
You closely miss the killer bee.
The killer bee is almost dead.
The killer bee closely misses you.
Your quasit bites the ogre.
Your quasit claws the ogre.
Your quasit barely misses the ogre.
The killer bee stings you.
* * * LOW HITPOINT WARNING * * *
You miss the killer bee.
The killer bee is severely wounded.
Your surroundings suddenly seem different.
A phantom comes into view.
Found 8 gold pieces.
Xom thinks this is hilarious!
Unknown command.
You feel a bit more experienced.
Found a scroll of identify.
Found Giahoxt's Antique Weapon Shop.
Found 15 gold pieces.
Menkaure and an orc come into view.
The orc shouts!
Okay, then.
Menkaure shouts!
The orc hits you with a +0 falchion.
* * * LOW HITPOINT WARNING * * *
Press: ? - help, v - describe, . - travel
Here: an orc, wielding a +0 falchion The floor.
You feel much better. The orc hits you with a +0 falchion.
You closely miss the orc. The orc hits you with a +0 falchion.
You slash the orc!
You kill the orc!
Menkaure's ankle releases a plume of dust as he confides, "I'm not really a mummy, you know."
Menkaure calls on the powers of darkness!
Your body is wracked with pain!
* * * LOW HITPOINT WARNING * * *
Okay, then.
Okay, then.
Okay, then.
Press: ? - help, v - describe, . - travel
Here: Menkaure The floor.
Really read
f - 3 scrolls of silence {!r}?
As you read the scroll of silence {!r}, it crumbles to dust.
A profound silence engulfs you.
Aiming: Mindburst
Press: ? - help, Shift-Dir - straight line, f - phantom
Aim: a phantom (silenced, chance to affect: 47%)
The phantom resists with some effort.
The phantom barely misses you.
Aiming: Mindburst
Press: ? - help, Shift-Dir - straight line, f/p - phantom
Aim: a phantom (silenced, chance to affect: 47%)
The phantom's mind is blasted!
The phantom hits you.
* * * LOW HITPOINT WARNING * * *
The phantom blinks!
You blink.
Menkaure hits you!!
You die...
Xom bursts into laughter!

#..............?.
#................
##
####+###.###.#..#
.. #..... #.# #
.. #..... #.# .#
# .
#.....##.###.#.#
.
#........§.....#
#.......M.§)...#
.....#@.......# #
.....+W.......# #
.... #..........#
... ..$
#.#........# ...
### #.####......
#.. #.. ....## #
. ### ..... #


You could see a phantom and Menkaure.

Vanquished Creatures
  The ghost of ricecakes the Insei, an amateur MfTm (D:3)
  A bullfrog (D:5)
  A scorpion (D:5)
  A killer bee (D:5)
  2 hounds (D:4)
  2 orc priests (D:3)
  A sleepcap (D:4)
  2 iguanas
  An orc wizard (D:3)
  6 gnolls
  3 adders
  An ufetubus (D:5)
  4 dart slugs
  10 orcs
  6 bats
  6 endoplasms
  3 giant cockroaches
  8 goblins
  5 hobgoblins
  5 quokkas
  6 ball pythons
  8 frilled lizards
  6 kobolds
  4 rats
93 creatures vanquished.

Vanquished Creatures (collateral kills)
  A killer bee (D:5)
1 creature vanquished.

Vanquished Creatures (others)
  A killer bee (D:5)
  A jelly (D:5)
2 creatures vanquished.

Grand Total: 96 creatures vanquished

Notes
Turn   | Place    | Note
-------+----------+-------------------------------------------
     0 | D:1      | edsrzf the Ogre Wanderer began the quest for the Orb.
     0 | D:1      | edsrzf set off with the following items: a +0 war axe, a +0
                  | cloak, a scroll of fog, a +0 robe; and the following spell
                  | memorised: Magic Dart; and the following spells available
                  | to memorise: Stone Arrow.
     0 | D:1      | Reached XP level 1. HP: 19/19 MP: 5/5
    85 | D:1      | Reached skill level 2 in Fighting
   107 | D:1      | Reached XP level 2. HP: 28/28 MP: 6/6
   259 | D:1      | Found a faded altar of an unknown god.
   286 | D:1      | Prayed at the altar of an unknown god.
   286 | D:1      | Became a worshipper of Xom of Chaos
   359 | D:1      | XOM: silly message
   696 | D:2      | XOM: noise
   709 | D:2      | Reached XP level 3. HP: 28/36 MP: 8/8
   717 | D:2      | XOM: silly message
   816 | D:2      | Reached skill level 3 in Fighting
  1028 | D:2      | Identified a potion of heal wounds
  1447 | D:2      | Reached skill level 4 in Axes
  1447 | D:2      | Reached XP level 4. HP: 45/45 MP: 9/9
  1526 | D:2      | Identified a potion of haste
  1711 | D:2      | an endoplasm changed into a shapeshifter
  1711 | D:2      | Noticed a shapeshifter (shapeshifter)
  1711 | D:2      | XOM: polymorph endoplasm -> shapeshifter
  1711 | D:2      | a shapeshifter changed into a yaktaur
  1711 | D:2      | Noticed a yaktaur (shapeshifter)
  1713 | D:2      | Identified 2 scrolls of identify
  1713 | D:2      | Identified 2 scrolls of silence
  1714 | D:2      | Identified a scroll of enchant weapon
  1715 | D:2      | Identified a scroll of teleportation
  1718 | D:2      | XOM: enchant monster (good)
  1742 | D:2      | XOM: silly message
  1813 | D:3      | Reached skill level 4 in Fighting
  1863 | D:3      | XOM: silly message
  1989 | D:3      | Found a runed translucent door.
  1989 | D:3      | Noticed ricecakes's ghost (amateur MfTm)
  1994 | D:3      | Reached XP level 5. HP: 55/55 MP: 10/10
  1998 | D:3      | Found an ancient bone altar of Kikubaaqudgha.
  2186 | D:3      | XOM: scenery: 1 doors close
  2202 | D:3      | Found a glowing golden altar of the Shining One.
  2415 | D:3      | Reached skill level 5 in Fighting
  2429 | D:3      | Reached skill level 5 in Axes
  2472 | D:3      | XOM: silly message
  2496 | D:3      | You fall into a shaft and drop 2 floors!
  2496 | D:5      | Entered Level 5 of the Dungeon
  2505 | D:5      | XOM: smoke on damage
  2507 | D:5      | Reached XP level 6. HP: 37/67 MP: 11/11
  2517 | D:4      | XOM: noise
  2671 | D:4      | Identified a potion of attraction
  2833 | D:4      | XOM: noise
  2854 | D:3      | Reached skill level 6 in Fighting
  2978 | D:3      | Identified 2 potions of curing
  2979 | D:3      | Identified a potion of lignification
  2981 | D:3      | XOM: chaos cloud
  2985 | D:3      | XOM: smoke on damage
  2992 | D:3      | XOM: give mutation
  2992 | D:3      | Gained mutation: Your flesh is cold resistant. (rC+) [Xom's
                  | mischief]
  2996 | D:3      | Killed ricecakes's ghost
  3195 | D:3      | XOM: divination: detect items
  3234 | D:4      | Reached XP level 7. HP: 38/76 MP: 12/12
  3756 | D:4      | Reached skill level 6 in Axes
  3911 | D:4      | Found a hazy altar of Hepliaklqana.
  4179 | D:5      | Reached skill level 7 in Fighting
  4346 | D:5      | Found Zudoke's Assorted Antiques.
  4349 | D:5      | XOM: smoke on damage
  4350 | D:5      | XOM: summons friendly quasit
  4352 | D:5      | XOM: confusion (+ monsters)
  4354 | D:5      | XOM: scenery: create altars
  4366 | D:5      | Found Giahoxt's Antique Weapon Shop.
  4370 | D:5      | Noticed Menkaure
  4378 | D:5      | Slain by Menkaure

Illustrated notes

Levels and vault maps discovered:
D:1:      ncdulo_lavacross, layout_loops_cross,
          hellmonk_ecumenical_altar_pennies_from_heaven, hangedman_decor_lopped,
          chequers_serial_rivers_small_a
D:2:      minmay_diamond_boxcup, layout_basic
D:3:      layout_rooms, lemuel_doored_altar, nicolae_tso_swordbearing_angel,
          gammafunk_ghost_grave
D:4:      layout_loops_ring, nzn_hepliaklqana_mist_gate, dreamdust_gnoll_farm
D:5:      layout_basic, serial_shops, nicolae_shop_overgrown_old_shop,
          minmay_misc_feat_cross, nicolae_stop_n_shop_1, corexii_corridor_pit,
          uniq_menkaure

Skill      XL: |  1  2  3  4  5  6  7 |
---------------+----------------------+-----
Fighting       | 2 3 4 5 6 7 |  7.8
Axes           | 4 5 6 |  6.6
Throwing       | |  1.0
Dodging        | |  1.0
Stealth        | |  1.0
Spellcasting   | |  3.6

Action                     |  1- 3 |  4- 6 |  7- 9 || total
---------------------------+-------+-------+-------++-------
  Melee: War axe           |   146 |   125 |    37 ||   308
         Punch             |       |     1 |     1 ||     2
   Cast: Magic Dart        |     7 |       |       ||     7
  Evoke: Wand              |       |       |     3 ||     3
    Use: Potion            |     1 |     3 |     3 ||     7
         Scroll            |       |     6 |     2 ||     8
   Stab: Sleeping          |     2 |     3 |       ||     5
 Armour: Robe              |    83 |    37 |    11 ||   131
         Skin              |       |    18 |       ||    18
  Dodge: Dodged            |    96 |    68 |    24 ||   188

Table legend: (Time is in decaauts)
 A = Elapsed time spent in this place.
 B = Non-inter-level travel time spent in this place.
 C = Inter-level travel time spent in this place.
 D = Time resting spent in this place.
 E = Time spent auto-exploring this place.
 F = Levels seen in this place.
 G = Mean time per level.
                   A        B        C        D        E       F      G
               +--------+--------+--------+--------+--------+-----+--------+
         Total |   4449 |   4308 |    141 |    584 |   2792 |   5 |  889.8 |
       Dungeon |   4449 |   4308 |    141 |    584 |   2792 |   5 |  889.8 |
               +--------+--------+--------+--------+--------+-----+--------+

Top non-repeatable levels by time:
     D:3: 1320 daAuts
     D:4: 1120 daAuts
     D:2: 918 daAuts
     D:1: 858 daAuts
     D:5: 231 daAuts
